 Dungeon Crawl Stone Soup version 0.31.0-11-ge490571c62 (webtiles) character file.

Game seed: 9150806644539540763

2501 Daunt the Cleaver (level 9, -9/49 HPs)
             Began as a Vine Stalker Fighter on Jan 28, 2024.
             Was an Elder of Okawaru.
             Collided with a rock wall (14 damage)
             ... after being knocked back by an arcanist
             ... on level 9 of the Dungeon.
             The game lasted 00:22:30 (2658 turns).

Daunt the Cleaver (Vine Stalker Fighter)            Turns: 2658, Time: 00:22:30

Health: -9/49      AC: 10    Str: 24    XL:     9   Next: 53%
Magic:  0/13       EV: 12    Int:  8    God:    Okawaru [****..]
Gold:   295        SH:  0    Dex: 13    Spells: 8/8 levels left

rFire   . . .        L - +3 war axe (freeze)
rCold   . . .        (no shield)
rNeg    . . .        b - +0 scale mail
rPois   .            J - +0 helmet
rElec   .            (no cloak)
rCorr   .            u - +0 pair of gloves
SInv    .            (no boots)
Will    ++...        v - amulet of faith
Stlth   +            E - ring of willpower
HPRegen 1.08/turn    (no ring)
MPRegen 0.13/turn

%: guardian spirit, faith
@: heroic, fragile (+50% incoming damage)
A: fangs 3, regeneration 1, magic shield, antimagic bite, no potion heal 2
a: Renounce Religion, Heroism, Finesse


You were on level 9 of the Dungeon.
You worshipped Okawaru.
Okawaru was greatly pleased with you.
You visited 2 branches of the dungeon, and saw 11 of its levels.
You also visited: Sewer.

You collected 295 gold pieces.

Inventory:

Hand Weapons
 r - a +2 dagger of venom
 G - the +4 trident of Recklessness {freeze, Int+5}
   (You found it on level 6 of the Dungeon)

   Int+5:     It affects your intelligence (+5).
 K - a +3 battleaxe
 L - a +3 war axe of freezing (weapon)
Missiles
 f - 6 atropa-tipped darts (quivered)
 g - a throwing net
 h - a boomerang
 s - 12 stones
 C - 7 poisoned darts
Armour
 b - a +0 scale mail (worn)
 c - a +0 buckler
 k - a +0 leather armour of cold resistance
 u - a +0 pair of gloves (worn)
 F - a +0 kite shield
 J - a +0 helmet (worn)
Jewellery
 n - a ring of ice
 v - an amulet of faith (around neck)
 w - a ring of fire
 E - a ring of willpower (left hand)
 H - the ring "Tunael" {Ice ^Contam Str+3 Int+2}
   (You found it on level 6 of the Dungeon)

   [ring of ice]

   Ice:       It enhances your ice magic.
   Str+3:     It affects your strength (+3).
   Int+2:     It affects your intelligence (+2).
   rF-:       It makes you vulnerable to fire.
   rC+:       It protects you from cold.
   ^Contam:   It causes magical contamination when unequipped.
Wands
 j - a wand of flame (27)
Scrolls
 l - 4 scrolls of identify {unknown}
 m - 2 scrolls of silence {unknown}
 o - a scroll of enchant armour {unknown}
 p - a scroll of noise {unknown}
 t - a scroll of fear {unknown}
 x - a scroll of fog {unknown}
 y - a scroll of vulnerability {unknown}
 B - 4 scrolls of teleportation {unknown}
 D - a scroll of poison {unknown}
 I - a scroll of blinking {unknown}
 N - a scroll of brand weapon {unknown}
Potions
 d - a potion of might
 e - a potion of mutation {unknown}
 i - 5 potions of attraction {unknown}
 q - 3 potions of haste {unknown}
 z - a potion of invisibility {unknown}
 A - 3 potions of curing {unknown}
 M - a potion of brilliance {unknown}


   Skills:
 + Level 6.8(11.8) Fighting
 * Level 8.1(13.3) Axes
 - Level 2.3(10.7) Polearms
 - Level 2.4(7.4) Armour
 - Level 2.6(7.6) Shields
 + Level 5.0 Invocations


You had 8 spell levels left.
You didn't know any spells.
Your spell library was empty.

Dungeon Overview and Level Annotations

Branches:
Dungeon (10/15)            Temple (1/1) D:4           Sewer (visited)
   Lair: D:8-11         Orc: D:9-12

Altars:
Ashenzari
Cheibriados
Dithmenos
Fedhas
Gozag
Hepliaklqana
Kikubaaqudgha
Makhleb
Nemelex Xobeh
Okawaru
Qazlal
Ru
Sif Muna
Trog
Uskayaw
Vehumet
Wu Jian
Xom
Yredelemnul
Zin
The Shining One

Shops:
D:3 (   D:8 *


Innate Abilities, Weirdness & Mutations

You have razor-sharp teeth.
Your natural rate of healing is unusually fast.
When hurt, damage is shared between your health and your magic reserves.
Your bite disrupts and absorbs the magic of your enemies.
Potions cannot restore your health.


Message History

You open the door.
There is an open door here.
You open the door.
There is an open door here.
As you open the door, it creaks loudly!
You hear a croak.
A bullfrog comes into view.
You slice the bullfrog!!
The bullfrog seems to slow down.
You freeze the bullfrog.
You kill the bullfrog!
Okawaru accepts your kill.
You see here a bullfrog corpse.
You open the door.
There is an open door here.
You open the door.
There is an open door here.
Found a scroll labelled PATOGU NYETHROICUT.
You open the door.
An arcanist comes into view. It is wielding a +0 hand axe.
The arcanist shouts!
The arcanist casts a spell at you.
Your body becomes as fragile as glass!
An arcanist is nearby!
Unknown command.
Press: ? - help, v - describe, . - travel
Here: an arcanist, wielding a +0 hand axe and wearing a +0 robe The floor.
Unknown command.
You gain the combat prowess of a mighty hero.
The arcanist becomes larger for a moment.
The arcanist hits you with a +0 hand axe.
You barely miss the arcanist. Your punch misses the arcanist.
You hit the arcanist. You freeze the arcanist. Your bite misses the arcanist.
The arcanist is lightly wounded.
The arcanist points at you and mumbles some strange words.
The lance of force hits you!!
Ouch! That really hurt!
* * * LOW HITPOINT WARNING * * *
You are knocked back by the lance of force.
You slam into the rock wall!
You die...

.... ...#...........
#'####..#....####### .#
.....#..#....'.....# ..#
.....#..#....#.....#...#
.....##'#...p#######...#
...†...................#
........................
###'#..................#
....#...........@......#
....#........#########y#
....#....#####
#####....# .....#
......# .......#


You could see an arcanist and a killer bee (wandering).

Vanquished Creatures
  Grinder (D:5)
  A wyvern (D:9)
  A black bear (D:6)
  A sky beast (D:7)
  An ice beast (D:6)
  An ogre (D:7)
  2 centaurs
  2 bullfrogs (D:9)
  Blork the orc (D:4)
  2 scorpions
  10 wights
  2 howler monkeys
  A bombardier beetle (D:3)
  6 orc priests
  A hound (D:4)
  2 jellies
  3 sleepcaps
  Ijyb (D:3)
  An iguana (D:6)
  4 orc wizards
  A hell rat (Sewer)
  4 gnolls
  3 river rats (Sewer)
  4 adders
  A shadow imp (D:7)
  A white imp (D:7)
  2 ufetubi (D:5)
  2 dart slugs (D:3)
  A ribbon worm (D:3)
  16 orcs
  6 endoplasms
  3 giant cockroaches
  2 goblins
  4 hobgoblins
  4 kobolds
  2 quokkas
  5 ball pythons
  3 bats
  2 frilled lizards (D:3)
  6 rats
116 creatures vanquished.

Notes
Turn   | Place    | Note
-------+----------+-------------------------------------------
     0 | D:1      | Daunt the Vine Stalker Fighter began the quest for the Orb.
     0 | D:1      | Reached XP level 1. HP: 11/11 MP: 2/2
    26 | D:1      | Reached skill level 2 in Axes
    41 | D:1      | Reached XP level 2. HP: 8/16 MP: 1/3
   154 | D:2      | Reached XP level 3. HP: 19/20 MP: 4/4
   157 | D:2      | Reached skill level 3 in Axes
   199 | D:3      | Reached XP level 4. HP: 6/24 MP: 1/5
   219 | D:3      | Noticed Ijyb
   231 | D:3      | Killed Ijyb
   417 | D:3      | Reached skill level 4 in Axes
   417 | D:3      | Reached XP level 5. HP: 26/29 MP: 6/6
   441 | D:4      | Found a staircase to the Ecumenical Temple.
   447 | Temple   | Entered the Ecumenical Temple
   458 | Temple   | Became a worshipper of Warmaster Okawaru
   557 | D:3      | Found Adwoniem's Antique Weapon Boutique.
   589 | D:3      | Reached XP level 6. HP: 4/33 MP: 0/7
   733 | D:4      | Noticed Blork the orc
   740 | D:4      | Killed Blork the orc
   883 | D:4      | Reached skill level 5 in Axes
   937 | D:4      | Reached * piety under Okawaru
  1007 | D:5      | Entered Level 5 of the Dungeon
  1063 | D:5      | Found a glowing drain.
  1093 | D:5      | Reached XP level 7. HP: 33/38 MP: 8/8
  1094 | Sewer    | Entered a sewer
  1182 | D:5      | Noticed Grinder
  1182 | D:5      | Paralysed by Grinder for 4 turns
  1205 | D:5      | Killed Grinder
  1205 | D:5      | Reached ** piety under Okawaru
  1206 | D:5      | Reached skill level 5 in Fighting
  1206 | D:5      | Reached skill level 6 in Axes
  1206 | D:5      | Reached skill level 1 in Invocations
  1399 | D:6      | Gained mutation: You have razor-sharp teeth. [Vine Stalker
                  | growth]
  1399 | D:6      | Reached XP level 8. HP: 38/43 MP: 7/10
  1571 | D:6      | Identified the +4 trident of Recklessness {freeze, Int+5}
  1636 | D:7      | Reached skill level 7 in Axes
  1742 | D:6      | Identified the ring "Tunael" {Ice ^Contam Str+3 Int+2}
  1785 | D:6      | Reached *** piety under Okawaru
  2164 | D:8      | Reached XP level 9. HP: 39/48 MP: 8/12
  2198 | D:8      | Reached **** piety under Okawaru
  2230 | D:8      | Reached skill level 1 in Polearms
  2269 | D:8      | Found Zin's Purification Station.
  2335 | D:8      | Found a glowing silver altar of Zin.
  2552 | D:10     | Entered Level 10 of the Dungeon
  2567 | D:9      | Reached skill level 8 in Axes
  2579 | D:9      | Reached skill level 5 in Invocations
  2645 | D:9      | Noticed an arcanist
  2658 | D:9      | Collided with a rock wall

Illustrated notes

Levels and vault maps discovered:
D:1:      dpeg_arrival_renting, layout_loops_ring,
          shapermc_ecumenical_altar_petra, minmay_tiny_reverse_x
D:2:      layout_rooms, serial_shops, nicolae_shop_rolling_square,
          minmay_fountain_box, kennysheep_minor_cross, uniq_sigmund
D:3:      layout_basic, serial_shops, nicolae_shop_trees,
          nicolae_twisty_statue_hallways, uniq_ijyb
D:4:      layout_basic, minmay_temple_entry_metal_lava, uniq_eustachio,
          uniq_blork_the_orc
D:5:      layout_rooms, elyvilon_altar_3, cheibrodos_sewer_entry_drain,
          serial_curves, eino_curves_03, eino_curves_04, uniq_grinder
D:6:      layout_loops_corners, minmay_shop_mayhem, st_stairs_12,
          hangedman_abyss_or_decor_stabs
D:7:      layout_rooms
D:8:      layout_gridville, zin_purify, kennysheep_generic_room_14
D:9:      minmay_the_grid_square_5x5_4x4 [minmay_the_grid_square_5x5_forky,
          minmay_the_grid_square_5x5_three_small,
          minmay_the_grid_square_5x5_one_wall,
          minmay_the_grid_square_5x5_checkered_statues,
          minmay_the_grid_square_5x5_moneybag,
          minmay_the_grid_square_5x5_prize_itemx,
          minmay_the_grid_square_5x5_prize_junk,
          minmay_the_grid_square_5x5_fat_x,
          minmay_the_grid_square_5x5_intrusive_squares,
          minmay_the_grid_square_5x5_prize_waves,
          minmay_the_grid_square_5x5_prize_open,
          minmay_the_grid_square_5x5_inner_i,
          minmay_the_grid_square_5x5_n_small,
          minmay_the_grid_square_5x5_almost_minimal,
          minmay_the_grid_square_5x5_tetrominoes,
          minmay_the_grid_square_5x5_eight], layout_gridville
D:10:     hellmonk_paralyzer, layout_layer_cave, nicolae_neqoxec_dot_bat
Temple:   nicolae_temple_bog_church

Skill      XL: |  1  2  3  4  5  6  7  8  9 |
---------------+----------------------------+-----
Axes           | 2 3 4 5 6 7 8 |  8.1
Fighting       | 3 4 5 6 |  6.8
Invocations    | 2 3 5 |  5.0
Polearms       | 2 |  2.3
Armour         | |  2.4
Shields        | |  2.6

Action                     |  1- 3 |  4- 6 |  7- 9 || total
---------------------------+-------+-------+-------++-------
  Melee: War axe           |    35 |   104 |    64 ||   203
         Bite              |     4 |    30 |    50 ||    84
         Trident           |       |       |   122 ||   122
  Throw: Throwing net      |       |     1 |       ||     1
         Dart              |       |       |     1 ||     1
 Invoke: Heroism           |       |       |     2 ||     2
   Stab: Held in net/web   |       |     2 |       ||     2
 Armour: Scale mail        |    15 |    70 |   117 ||   202
  Dodge: Dodged            |    14 |    33 |    76 ||   123
  Block: Buckler           |     6 |    17 |    22 ||    45
